 Dungeon Crawl Stone Soup version 0.27-a0-343-gfcad680f63 (webtiles) character file.

Game seed: 16966980101238710898

40 tatocazan the Sneak (level 3, -6/25 HPs)
             Began as an Octopode Brigand on Feb 14, 2021.
             Mangled by a gnoll
             ... wielding a +0 flail
              (10 damage)
             ... on level 3 of the Dungeon.
             The game lasted 00:02:12 (1794 turns).

tatocazan the Sneak (Octopode Brigand)              Turns: 1794, Time: 00:02:12

Health: -6/25      AC:  1    Str: 10    XL:     3   Next: 50%
Magic:  3/3        EV: 13    Int: 13    God:
Gold:   45         SH:  0    Dex: 14    Spells: 2/2 levels left

rFire    . . .     SeeInvis .   a - +2 dagger
rCold    . . .     Faith    .   (no shield)
rNeg     . . .     Spirit   .   (helmet restricted)
rPois    .         Reflect  .   (no amulet)
rElec    .         Harm     .   (no ring)
rCorr    .         Rampage  .   (no ring)
Will     .....                  (no ring)
Stlth    ++++......             (no ring)
HPRegen  0.08/turn              (no ring)
MPRegen  0.08/turn              (no ring)
                                (no ring)
                                (no ring)

@: no status effects
A: almost no armour, stealthy swim, amphibious, 8 rings, constrict 8, camouflage
1, gelatinous body 1
a: no special abilities


You were on level 3 of the Dungeon.
You visited 1 branch of the dungeon, and saw 3 of its levels.

You collected 45 gold pieces.

Inventory:

Hand Weapons
 a - a +2 dagger (weapon)
 k - a +1 short sword of draining
Missiles
 b - 8 poisoned darts (quivered)
 c - 2 curare-tipped darts
Scrolls
 e - a scroll of fog {unknown}
 h - 2 scrolls of amnesia {unknown}
 i - a scroll of teleportation {unknown}
 j - 2 scrolls of identify {unknown}
Potions
 d - a potion of curing {unknown}
 f - a potion of heal wounds {unknown}
 g - a potion of haste {unknown}
 l - a potion of lignification {unknown}


   Skills:
 + Level 2.4 Fighting
 * Level 2.8 Short Blades
 - Level 2.0 Throwing
 + Level 1.6 Dodging
 + Level 5.7 Stealth


You had 2 spell levels left.
You didn't know any spells.
Your spell library was empty.

Dungeon Overview and Level Annotations

Branches:
Dungeon (3/15)

Altars:


Innate Abilities, Weirdness & Mutations

You cannot wear most types of armour.
You are very stealthy in the water. (Stealth+)
You are amphibious.
You can wear up to eight rings at the same time.
You can use your tentacles to constrict eight enemies at once.
Your skin changes colour to match your surroundings (Stealth+).
Your rubbery body absorbs attacks. (AC +1, EV +1)


Message History

No target in view!
No target in view!
No target in view!
No target in view!
No target in view!
No target in view!
No target in view!
No target in view!
No target in view!
A gnoll comes into view. It is wielding a +0 spear.
A gnoll is nearby!
A gnoll is nearby!
A gnoll comes into view. It is wielding a +0 whip.
A gnoll comes into view. It is wielding a +0 flail.
The gnoll shouts!
A hound zombie comes into view.
A gnoll comes into view.
The gnoll hits you with a +0 whip.
Found 18 stones.
Found a stone staircase leading up.
You take 6 damage, and have 19/25 hp.
MASSIVE DAMAGE!!
The gnoll shouts!
You hit the gnoll but do no damage. Your grab misses the gnoll.
The gnoll hits you with a +0 whip.
You take 1 damage, and have 18/25 hp.
The hound zombie bites you. The gnoll hits you with a +0 whip.
The gnoll hits you with a +0 flail!
* * * LOW HITPOINT WARNING * * *
You take 16 damage, and have 2/25 hp.
MASSIVE DAMAGE!!
You hit the hound zombie. You grab the hound zombie.
The hound zombie is lightly damaged.
You constrict the hound zombie. The hound zombie barely misses you.
The gnoll closely misses you.
You release your grip on the hound zombie.
The hound zombie bites you but does no damage.
The gnoll misses you. The hound zombie barely misses you.
The hound zombie misses you.
Found 8 gold pieces.
The gnoll hits you but does no damage.
There is a stone staircase leading up here.
The gnoll hits you with a +0 flail!
You die...

..... ...####
########.......
#........$.....
###.###g.......
#....g....#..
#.###g#.### ####.# #.#.#
#..#. #@##.###.#.###..#.
###.##g##...g.g........
....(.......##.#.......
####......!....#...#..#
.....................#
...............#...#..#
......++###...........##
...... #####......#....
...### ............#....


You could see a gnoll.

Vanquished Creatures
  A worm (D:2)
  A leopard gecko (D:3)
  2 giant cockroaches
  5 goblins
  5 hobgoblins
  8 bats
  A frilled lizard (D:2)
  7 kobolds
  2 rats (D:2)
32 creatures vanquished.

Notes
Turn   | Place    | Note
-------+----------+-------------------------------------------
     0 | D:1      | tatocazan the Octopode Brigand began the quest for the Orb.
     0 | D:1      | Reached XP level 1. HP: 14/14 MP: 1/1
   416 | D:1      | Reached XP level 2. HP: 19/19 MP: 2/2
   862 | D:2      | Reached XP level 3. HP: 9/24 MP: 3/3
  1794 | D:3      | Mangled by a gnoll

Illustrated notes

Levels and vault maps discovered:
D:1:      ncdulo_smallfort, layout_rooms, chequers_serial_rivers_small_3,
          hangedman_decor_growths, minmay_misc_feat_x,
          hangedman_decor_diamond_cutter
D:2:      layout_loops_ring
D:3:      layout_basic, nicolae_overflow_hidden_temple

Action                   || total
-------------------------++-------
Melee: Dagger            ||    51
       Constrict         ||    12
       Tentacles         ||     4
       Short sword       ||     4
 Stab: Sleeping          ||    12
Armor: Skin              ||     6
Dodge: Dodged            ||    37

Table legend: (Time is in decaauts)
 A = Elapsed time spent in this place.
 B = Non-inter-level travel time spent in this place.
 C = Inter-level travel time spent in this place.
 D = Time resting spent in this place.
 E = Time spent auto-exploring this place.
 F = Levels seen in this place.
 G = Mean time per level.
                   A        B        C        D        E       F      G
               +--------+--------+--------+--------+--------+-----+--------+
         Total |   1787 |   1679 |    108 |    734 |    689 |   3 |  595.7 |
       Dungeon |   1787 |   1679 |    108 |    734 |    689 |   3 |  595.7 |
               +--------+--------+--------+--------+--------+-----+--------+

Top non-repeatable levels by time:
     D:1: 1305 daAuts
     D:2: 360 daAuts
     D:3: 121 daAuts
